 Dungeon Crawl Stone Soup version 0.31-a0-240-gb923e448b6 (webtiles) character file.

Game seed: 15281734633860277578

207 qw the Shooter (level 5, 0/31 HPs)
             Began as a Gargoyle Hexslinger on July 11, 2023.
             Slain by a gnoll
             ... wielding a +0 halberd
              (6 damage)
             ... on level 3 of the Dungeon.
             The game lasted 00:00:54 (1864 turns).

qw the Shooter (Gargoyle Hexslinger)                Turns: 1864, Time: 00:00:55

Health: 0/31       AC: 13    Str: 12    XL:     5   Next: 85%
Magic:  6/6        EV: 10    Int: 13    God:
Gold:   86         SH:  5    Dex: 14    Spells: 5/6 levels left

rFire   + . .        Y - +1 sling
rCold   . . .        (no shield)
rNeg    + . .        d - +0 ring mail
rPois   inf          (no helmet)
rElec   +            j - +0 cloak
rCorr   .            (no gloves)
SInv    .            e - +2 pair of boots
Will    .....        g - amulet of reflection
Stlth   +            (no ring)
HPRegen 0.25/turn    (no ring)
MPRegen 0.10/turn

%: reflection
@: no status effects
A: sickness immunity, AC +4, negative energy resistance 1, electricity
resistance, torment resistance 1, petrification resistance, fire resistance 1,
wild magic 1
a: no special abilities


You were on level 3 of the Dungeon.
You visited 1 branch of the dungeon, and saw 3 of its levels.

You collected 118 gold pieces.
You spent 32 gold pieces at shops.


Innate Abilities, Weirdness & Mutations

You are immune to sickness and miasma.
Your stone body is resilient. (AC +4)
You are immune to poison.
You resist negative energy. (rN+)
You are resistant to electric shocks. (rElec)
You are resistant to unholy torment.
You are immune to petrification.
Your flesh is heat resistant. (rF+)
Your spells are a little harder to cast, but a little more powerful.


   Skills:
 + Level 2.5 Fighting
 - Level 5.2 Ranged Weapons
 - Level 1.0 Armour
 - Level 1.5 Dodging
 - Level 1.0 Spellcasting
 - Level 2.6 Hexes


You had 5 spell levels left.
You knew the following spells:

 Your Spells              Type           Power      Damage    Failure   Level
a - Slow                  Hex            36%        N/A       30%         1

Your spell library contained the following spells:

 Spells                   Type           Power      Damage    Failure   Level
 Inner Flame              Hex/Fire       5%         N/A       80%         3
 Portal Projectile        Hex/Tloc       10%        N/A       80%         3
 Cause Fear               Hex            4%         N/A       95%         4

Inventory:

Hand Weapons
 Y - a +1 sling (weapon)
Armour
 d - a +0 ring mail (worn)
 e - a +2 pair of boots (worn)
 j - a +0 cloak (worn)
Jewellery
 g - an amulet of reflection (around neck)
Scrolls
 c - a scroll of identify {unknown}
 i - a scroll of noise {unknown}
Potions
 a - a potion of degeneration {unknown}
 b - a potion of might {unknown}
 f - 2 potions of mutation
 h - 2 potions of attraction {unknown}
 k - a potion of heal wounds {unknown}
 m - a potion of curing {unknown}
 n - a potion of brilliance {unknown}

Dungeon Overview and Level Annotations

Branches:
Dungeon (3/15)

Altars:

Shops:
D:1 :   D:2 *   D:3 [


Message History

You shoot a sling bullet. The sling bullet hits the gnoll.
The gnoll is almost dead.
A rat comes into view.
The gnoll hits you with a +0 club. You block the gnoll's attack.
The gnoll barely misses you.
You shoot a sling bullet.
The sling bullet hits the gnoll but does no damage.
The gnoll is almost dead.
The gnoll completely misses you. The gnoll closely misses you.
The gnoll hits you but does no damage. The gnoll hits you with a +0 club.
The gnoll barely misses you. x2
You shoot a sling bullet.
The sling bullet hits the gnoll but does no damage.
The gnoll is almost dead.
You block the gnoll's attack. x2; The gnoll closely misses you.
You shoot a sling bullet. The sling bullet hits the gnoll.
You kill the gnoll!
The gnoll barely misses you.
The gnoll hits you from afar with a +0 halberd!
You shoot a sling bullet. The sling bullet hits the gnoll!
You kill the gnoll!
You block the gnoll's attack.
You shoot a sling bullet.
The sling bullet barely misses the gnoll.
You block the gnoll's attack.
You shoot a sling bullet.
The sling bullet hits the gnoll but does no damage.
The gnoll barely misses you. The rat bites you but does no damage.
The gnoll hits you from afar with a +0 halberd.
You shoot a sling bullet.
The sling bullet closely misses the rat.
The gnoll closely misses you. You block the rat's attack.
You shoot a sling bullet. The sling bullet hits the rat.
You kill the rat!
You block the gnoll's attack.
You shoot a sling bullet. The sling bullet hits the gnoll.
The gnoll is moderately wounded.
The gnoll closely misses you.
The gnoll hits you from afar with a +0 halberd.
You die...

########## #.....#
.........# #.....#
########.#### #.....#
.....# #....###..^..#
.....# ####..##.....#
.....# ##........#
.....#########......###.
........................
.....##########.@(g...#
.....# ##)).##.# ####.#
###)# # #.##.# ...
#..%.## .##..
......##........ ..
..###.##......... . ..#
#.##......... ..#
#.##.........


You could see a gnoll.

Vanquished Creatures
  A black bear (D:3)
  A sleepcap (D:3)
  2 gnolls (D:3)
  An adder (D:3)
  A worm (D:2)
  3 dart slugs
  An orc (D:3)
  2 endoplasms
  4 giant cockroaches
  3 goblins
  5 hobgoblins
  2 quokkas
  6 ball pythons
  3 bats
  3 frilled lizards
  6 kobolds
  9 rats
53 creatures vanquished.

Notes
Turn   | Place    | Note
-------+----------+-------------------------------------------
     0 | D:1      | qw the Gargoyle Hexslinger began the quest for the Orb.
     0 | D:1      | Reached XP level 1. HP: 12/12 MP: 2/2
     0 | D:1      | 0 ||| qw: Version: 0.3-a-52-g30416fa
     0 | D:1      | 0 ||| qw: Game counter: 6064
     0 | D:1      | 0 ||| qw: Melee chars always use a shield: true
     0 | D:1      | 0 ||| qw: God list: Okawaru
     0 | D:1      | 0 ||| qw: Allow faded altars: false
     0 | D:1      | 0 ||| qw: Do Orc after clearing Dungeon:15 true
     0 | D:1      | 0 ||| qw: Do second Lair branch before Depths: true
     0 | D:1      | 0 ||| qw: Lair rune preference: random
     0 | D:1      | 0 ||| qw: Goals: Normal
     0 | D:1      | 0 ||| PLANNING D:1-11
   241 | D:1      | Reached XP level 2. HP: 16/16 MP: 3/3
   503 | D:1      | Reached skill level 3 in Ranged Weapons
   592 | D:1      | Found Patodyw's Book Shoppe.
   629 | D:1      | 629 ||| UPGRADING to +0 ring mail.
   639 | D:1      | 639 ||| DROPPING +0 robe.
   640 | D:1      | 640 ||| UPGRADING to +0 pair of boots.
   645 | D:1      | 645 ||| DRINKING 2 coppery potions.
   645 | D:1      | Gained mutation: Your flesh is heat resistant. (rF+)
                  | [potion of mutation]
   645 | D:1      | Gained mutation: Your spells are a little harder to cast,
                  | but a little more powerful. [potion of mutation]
   646 | D:1      | 646 ||| DROPPING scroll of poison.
   711 | D:2      | HP: 4/16 [worm (7)]
   714 | D:2      | Reached XP level 3. HP: 6/21 MP: 4/4
   809 | D:2      | Found a faded altar of an unknown god.
   918 | D:2      | Reached skill level 1 in Armour
   940 | D:2      | Found Edigyall's Assorted Antiques.
   949 | D:2      | 949 ||| BUYING pink potion (15 gold).
   949 | D:2      | Bought a pink potion for 15 gold pieces
   949 | D:2      | 949 ||| BUYING scroll labelled OXUUSE QUQARIZ (17 gold).
   949 | D:2      | Bought a scroll labelled OXUUSE QUQARIZ for 17 gold pieces
  1389 | D:2      | 1389 ||| UPGRADING to +0 cloak.
  1394 | D:2      | 1394 ||| UPGRADING to amulet of reflection.
  1399 | D:2      | 1399 ||| READING 3 scrolls labelled WITATOCHIG.
  1400 | D:2      | 1400 ||| READING 2 scrolls of enchant armour.
  1400 | D:2      | 1400 ||| ENCHANTING +0 pair of boots.
  1401 | D:2      | 1401 ||| READING scroll of enchant armour.
  1401 | D:2      | 1401 ||| ENCHANTING +1 pair of boots.
  1402 | D:2      | 1402 ||| READING scroll labelled FIDUJ LUEHEYDY.
  1403 | D:2      | 1403 ||| READING scroll labelled OXUUSE QUQARIZ.
  1404 | D:2      | 1404 ||| READING scroll labelled ATIPER ATYARIV.
  1467 | D:3      | HP: 4/21 [sleepcap (6)]
  1471 | D:3      | Reached XP level 4. HP: 6/26 MP: 5/5
  1491 | D:3      | Reached skill level 4 in Ranged Weapons
  1638 | D:3      | Found Kirupij's Antique Armour Boutique.
  1642 | D:3      | 1642 ||| SHOPLISTING colourful robe (153 gold, have 86).
  1642 | D:3      | 1642 ||| SHOPLISTING embroidered robe (99 gold, have 86).
  1642 | D:3      | 1642 ||| SHOPLISTING runed ring mail (189 gold, have 86).
  1642 | D:3      | 1642 ||| SHOPLISTING sheer robe (153 gold, have 86).
  1701 | D:3      | Noticed a black bear
  1709 | D:3      | HP: 5/26 [black bear (2)]
  1713 | D:3      | Killed a black bear
  1714 | D:3      | Reached skill level 5 in Ranged Weapons
  1714 | D:3      | Reached XP level 5. HP: 5/30 MP: 6/6
  1719 | D:3      | 1719 ||| FLEEEEING.
  1720 | D:3      | 1720 ||| FLEEEEING.
  1721 | D:3      | 1721 ||| FLEEEEING.
  1735 | D:3      | 1735 ||| FLEEEEING.
  1858 | D:3      | HP: 7/30 [gnoll/+0 halberd (8)]
  1864 | D:3      | Slain by a gnoll

Levels and vault maps discovered:
D:1:      nzn_arrival_settlement, layout_basic, serial_shops, shop,
          skrybe_limestone_x
D:2:      layout_loops_cross, serial_shops,
          nicolae_shop_temple_entry_statues_fountains,
          dreamdust_ecumenical_altar_angels_and_demons
D:3:      layout_basic, nzn_wu_jian_contemplation, serial_shops,
          nicolae_shop_back_alley_shop, minmay_randomly_rotated_circles

Skill      XL: |  1  2  3  4 |
---------------+-------------+-----
Ranged Weapons | 3 5 |  5.2
Fighting       | 2 |  2.5
Armour         | 1 |  1.0
Dodging        | |  1.5
Spellcasting   | |  1.0
Hexes          | |  2.6

Action                     |  1- 3 |  4- 6 || total
---------------------------+-------+-------++-------
   Fire: Sling             |   139 |    80 ||   219
    Use: Potion            |     1 |       ||     1
         Scroll            |     6 |       ||     6
 Armour: Robe              |     6 |       ||     6
         Ring mail         |    17 |    36 ||    53
  Dodge: Dodged            |    37 |    42 ||    79
  Block: Other             |     5 |    28 ||    33

Table legend:
 A = Non-vault XP
 B = Vault XP
 C = Vault XP percentage of total XP
 D = Non-vault monster count
 E = Vault monster count
 F = Vault count percentage of total count
                 A         B        C        D         E       F
            +---------+---------+-------+---------+---------+-------
      Total |     295 |       1 |   0.3 |      52 |       1 |   1.9
            +---------+---------+-------+---------+---------+-------
        D:1 |      27 |       0 |   0.0 |      18 |       0 |   0.0
        D:2 |      41 |       0 |   0.0 |      21 |       0 |   0.0
        D:3 |     227 |       1 |   0.4 |      13 |       1 |   7.1
            +---------+---------+-------+---------+---------+-------
